 Dungeon Crawl Stone Soup version 0.31.0-11-ge490571c62 (webtiles) character file.

Game seed: 12130913872222347908

6003 Arctor the Thaumaturge (level 10, -5/50 HPs)
             Began as a Deep Elf Fire Elementalist on Feb 1, 2024.
             Was a Believer of Vehumet.
             Slain by a large slime creature (24 damage)
             ... on level 9 of the Dungeon.
             The game lasted 00:21:25 (12174 turns).

Arctor the Thaumaturge (DEFE)                      Turns: 12174, Time: 00:21:25

Health: -5/50      AC:  7    Str:  5    XL:     10   Next: 56%
Magic:  16/25      EV: 16    Int: 25    God:    Vehumet [**....]
Gold:   822        SH:  0    Dex: 15    Spells: 21/28 levels left

rFire   + . .        g - +1 dagger (elec)
rCold   . . .        (no shield)
rNeg    . . .        D - +2 robe {Will+}
rPois   .            (no helmet)
rElec   .            E - +1 cloak {Will+}
rCorr   .            (no gloves)
SInv    .            u - +0 pair of boots
Will    ++++.        k - amulet of the acrobat
Stlth   ++++         e - ring of protection from fire
HPRegen 0.28/turn    s - ring of willpower
MPRegen 0.19/turn

%: acrobat
@: no status effects
A: no striking features
a: Renounce Religion


You were on level 9 of the Dungeon.
You worshipped Vehumet.
Vehumet was pleased with you.
You visited 2 branches of the dungeon, and saw 10 of its levels.
You also visited: Ossuary.

You collected 822 gold pieces.

Inventory:

Hand Weapons
 g - a +1 dagger of electrocution (weapon)
Missiles
 l - a throwing net
Armour
 a - a +0 robe
 c - a scarf of shadows
 h - a +2 robe of positive energy
 u - a +0 pair of boots (worn)
 D - a +2 robe of willpower (worn)
 E - a +1 cloak of willpower (worn)
 J - a +1 robe of resistance
Magical Staves
 n - a staff of earth
Jewellery
 d - a ring of flight
 e - a ring of protection from fire (left hand)
 k - an amulet of the acrobat (around neck)
 s - a ring of willpower (right hand)
 y - an amulet of regeneration
 C - a ring of see invisible
 O - a ring of willpower
Wands
 q - a wand of light (1)
 w - a wand of polymorph (15)
 K - a wand of roots (1)
 N - a wand of mindburst (8)
Scrolls
 f - 2 scrolls of immolation
 j - 2 scrolls of noise
 o - a scroll of fog
 p - a scroll of teleportation
 t - 3 scrolls of poison {unknown}
 B - 2 scrolls of enchant weapon {unknown}
 F - a scroll of enchant armour {unknown}
 M - 3 scrolls of identify
Potions
 b - 2 potions of magic
 m - a potion of cancellation {unknown}
 r - a potion of heal wounds
 v - 3 potions of degeneration {unknown}
 x - a potion of might {unknown}
 z - a potion of haste {unknown}
 A - a potion of brilliance
 G - 2 potions of curing {unknown}
 H - a potion of ambrosia {unknown}
 I - a potion of lignification {unknown}
 L - a potion of attraction {unknown}


   Skills:
 + Level 8.9 Dodging
 + Level 9.7 Stealth
 + Level 9.8 Spellcasting
 + Level 7.9 Conjurations
 + Level 8.5 Fire Magic


You had 21 spell levels left.
You knew the following spells:

 Your Spells              Type           Power      Damage    Failure   Level
a - Foxfire               Conj/Fire      100%       2x1d9     1%          1
b - Scorch                Fire           100%       2d9       1%          2
c - Flame Wave            Conj/Fire      52%        2d13      1%          4

Your spell library contained the following spells:

 Spells                   Type           Power      Damage    Failure   Level
 Mercury Vapours          Alch/Air       24%        N/A       8%          2
 Kiss of Death            Conj/Necr      100%       2d13      1%          1
 Magic Dart               Conj           100%       1d8       1%          1
 Searing Ray              Conj           100%       2d8       1%          2
 Inner Flame              Hex/Fire       33%        N/A       2%          3
 Volatile Blastmotes      Fire/Tloc      66%        2d15      2%          3
 Necrotise                Necr           48%        1d6       4%          1
 Jinxbite                 Hex            24%        N/A       8%          2
 Fulminant Prism          Conj/Alch      16%        3d10      10%         4
 Confusing Touch          Hex            12%        N/A       16%         3
 Vampiric Draining        Necr           12%        2d6       16%         3
 Dispel Undead            Necr           12%        3d9       45%         4
 Martyr's Knell           Necr/Summ      12%        N/A       45%         4
 Curse of Agony           Necr           12%        N/A       80%         5
 Yara's Violent Unravell  Hex/Alch       6%         3d5       80%         5
 Enfeeble                 Hex            6%         N/A       100%        7


Dungeon Overview and Level Annotations

Branches:
Dungeon (9/15)             Temple (1/1) D:5         Ossuary (visited)
   Lair: D:8-11         Orc: D:9-12

Altars:
Ashenzari
Cheibriados
Dithmenos
Elyvilon
Fedhas
Gozag
Hepliaklqana
Kikubaaqudgha
Makhleb
Nemelex Xobeh
Okawaru
Qazlal
Ru
Sif Muna
Trog
Uskayaw
Vehumet
Wu Jian
Xom
Yredelemnul
Zin
The Shining One

Shops:
D:4 *

Annotations:
Temple 2 transporters


Message History

The vampire mosquito misses you.
Your foxfire dissipates!
The vampire mosquito attacks as it pursues you!
The vampire mosquito completely misses you.
The vampire mosquito misses you.
Casting: Foxfire (safe; 1% risk of failure)
Confirm with . or Enter, or press ? or * to list all spells.
Flames lash the vampire mosquito.
The vampire mosquito is burned terribly!
You destroy the vampire mosquito!
Vehumet accepts your kill. The gnoll sergeant misses you.
Okay, then.
Casting: Scorch (safe; 1% risk of failure)
Confirm with . or Enter, or press ? or * to list all spells.
You conjure some foxfire!
The gnoll sergeant hits you but does no damage.
Your foxfire dissipates!
The foxfire hits the gnoll sergeant but does no damage.
The gnoll sergeant is heavily wounded.
Casting: Foxfire (safe; 1% risk of failure)
Confirm with . or Enter, or press ? or * to list all spells.
Flames lash the two-headed ogre.
The two-headed ogre is lightly wounded.
The two-headed ogre's fire resistance burns away.
The gnoll sergeant is no longer more vulnerable to fire.
The gnoll sergeant hits you from afar with a +0 trident!
* * * LOW HITPOINT WARNING * * *
The gnoll sergeant attacks as it pursues you!
The gnoll sergeant completely misses you.
The two-headed ogre is no longer more vulnerable to fire.
The gnoll sergeant attacks as it pursues you!
The gnoll sergeant completely misses you.
The gnoll sergeant attacks as it pursues you!
The gnoll sergeant hits you from afar with a +0 trident.
* * * LOW HITPOINT WARNING * * *
The gnoll sergeant completely misses you.
There is a stone staircase leading down here.
You climb downwards.
The large slime creature hits you!!
You die...

..............#
#.............#
#.........J...#
#.............#
#.............#
#.............#
.............#
..........J.##
..........@.#
########.JJ#
#.(.# #...#
#))(# #...#
#...#
############...#
#..............#


You could see a large slime creature and 3 slime creatures.

Vanquished Creatures
  2 two-headed ogres (D:8)
  Maurice (D:8)
  A troll (D:7)
  Grinder (D:3)
  Sigmund (D:5)
  2 vampire mosquitoes (D:8)
  An acid dragon (D:8)
  Edmund (D:5)
  Duvessa (D:7)
  2 ice beasts
  2 orc warriors
  A black bear (D:5)
  2 sky beasts (D:7)
  An ogre (D:4)
  3 centaurs
  A phantom (D:4)
  4 bullfrogs
  A kobold brigand (D:9)
  Blork the orc (D:4)
  2 scorpions
  2 burial acolytes (Ossuary)
  3 wights (D:7)
  Dowan (D:7)
  6 killer bees
  2 howler monkeys (D:5)
  A bombardier beetle (D:5)
  A centaur zombie (Ossuary)
  2 human zombies (Ossuary)
  5 orc priests
  A gnoll bouda (D:8)
  A hound (D:6)
  3 jellies
  Crazy Yiuf (D:7)
  2 iguanas (D:6)
  A sleepcap (D:7)
  6 orc wizards
  Natasha (thrice) (D:3)
  A hound zombie (Ossuary)
  2 mummies (Ossuary)
  A howler monkey zombie (Ossuary)
  8 gnolls
  9 adders
  A ribbon worm (D:4)
  5 dart slugs
  37 orcs
  5 ball pythons
  4 endoplasms
  3 giant cockroaches
  6 goblins
  14 hobgoblins
  4 jackals (D:1)
  14 kobolds
  4 quokkas
  4 bats (D:1)
  4 frilled lizards
  5 rats
203 creatures vanquished.

Vanquished Creatures (collateral kills)
  A foxfire (D:8)
1 creature vanquished.

Vanquished Creatures (others)
  1269 foxfires
1269 creatures vanquished.

Grand Total: 1473 creatures vanquished

Notes
Turn   | Place    | Note
-------+----------+-------------------------------------------
     0 | D:1      | Arctor the Deep Elf Fire Elementalist began the quest for
                  | the Orb.
     0 | D:1      | Reached XP level 1. HP: 10/10 MP: 6/6
   300 | D:1      | Reached XP level 2. HP: 15/15 MP: 0/8
  1144 | D:1      | Reached XP level 3. HP: 18/19 MP: 3/9
  1994 | D:2      | Found a faded altar of an unknown god.
  2334 | D:2      | Reached XP level 4. HP: 24/24 MP: 8/11
  3112 | D:3      | Reached XP level 5. HP: 14/28 MP: 7/13
  3369 | D:3      | Noticed Natasha
  3466 | D:3      | Killed Natasha
  3778 | D:3      | Noticed Grinder
  3780 | D:3      | Paralysed by Grinder for 2 turns
  3788 | D:3      | Killed Grinder
  3789 | D:3      | Reached skill level 5 in Spellcasting
  3789 | D:3      | Reached XP level 6. HP: 22/32 MP: 6/15
  3792 | D:3      | Learned a level 2 spell: Scorch
  3982 | D:3      | Noticed Natasha
  3986 | D:3      | Killed Natasha
  4119 | D:3      | Noticed Natasha
  4125 | D:3      | Killed Natasha
  4953 | D:4      | Identified the +0 ring mail of the Hippo {*Slow rN+ rCorr
                  | Dex+7}
  4971 | D:4      | Noticed Blork the orc
  4976 | D:4      | Killed Blork the orc
  4977 | D:4      | Reached skill level 5 in Stealth
  4977 | D:4      | Reached skill level 5 in Fire Magic
  4977 | D:4      | Reached XP level 7. HP: 36/36 MP: 9/17
  5178 | D:4      | Found Hulyodgh's Assorted Antiques.
  5711 | D:4      | Reached skill level 5 in Dodging
  6388 | D:5      | Entered Level 5 of the Dungeon
  6399 | D:5      | Reached XP level 8. HP: 41/41 MP: 9/19
  6564 | D:5      | Noticed Edmund
  6574 | D:5      | Killed Edmund
  6941 | D:5      | Reached skill level 5 in Conjurations
  7031 | D:5      | Noticed Sigmund
  7039 | D:5      | Killed Sigmund
  7460 | D:5      | Found a staircase to the Ecumenical Temple.
  7524 | Temple   | Found a transporter.
  7524 | Temple   | Found a transporter.
  7524 | Temple   | Found a transporter.
  7524 | Temple   | Found a transporter.
  7524 | Temple   | Entered the Ecumenical Temple
  7539 | Temple   | Became a worshipper of Vehumet
  8153 | D:6      | Reached XP level 9. HP: 45/45 MP: 18/22
  8217 | D:6      | Found an ancient bone altar of Kikubaaqudgha.
  8217 | D:6      | Found a bloodstained altar of Trog.
  8217 | D:6      | Found a hazy altar of Hepliaklqana.
  8366 | D:6      | Found a sand-covered staircase.
  8375 | Ossuary  | Entered an ossuary
  8375 | Ossuary  | Found a huge runed translucent gate.
  8375 | Ossuary  | Found a huge runed translucent gate.
  8375 | Ossuary  | Found a huge runed translucent gate.
  8375 | Ossuary  | Found a huge runed translucent gate.
  8375 | Ossuary  | Found a huge runed translucent gate.
  8375 | Ossuary  | Found a huge runed translucent gate.
  8375 | Ossuary  | Found a huge runed translucent gate.
  8375 | Ossuary  | Found a huge runed translucent gate.
  8375 | Ossuary  | Found a huge runed translucent gate.
  8376 | Ossuary  | Found a huge runed translucent gate.
  8376 | Ossuary  | Found a huge runed translucent gate.
  8377 | Ossuary  | Found a huge runed translucent gate.
  8377 | Ossuary  | Found a huge runed translucent gate.
  8379 | Ossuary  | Found a huge runed translucent gate.
  8379 | Ossuary  | Found a huge runed translucent gate.
  8486 | Ossuary  | Found a huge runed translucent gate.
  8486 | Ossuary  | Found a huge runed translucent gate.
  8486 | Ossuary  | Found a huge runed translucent gate.
  8486 | Ossuary  | Found a huge runed translucent gate.
  8486 | Ossuary  | Found a huge runed translucent gate.
  8487 | Ossuary  | Found a huge runed translucent gate.
  8487 | Ossuary  | Found a huge runed translucent gate.
  8489 | Ossuary  | Found a huge runed translucent gate.
  8489 | Ossuary  | Found a huge runed translucent gate.
  8490 | Ossuary  | Found a huge runed translucent gate.
  8490 | Ossuary  | Found a huge runed translucent gate.
  8491 | Ossuary  | Found a huge runed translucent gate.
  8491 | Ossuary  | Found a huge runed translucent gate.
  8493 | Ossuary  | Found a huge runed translucent gate.
  8493 | Ossuary  | Found a huge runed translucent gate.
  8525 | Ossuary  | Found a huge runed translucent gate.
  8525 | Ossuary  | Found a huge runed translucent gate.
  8525 | Ossuary  | Found a huge runed translucent gate.
  8525 | Ossuary  | Found a huge runed translucent gate.
  8525 | Ossuary  | Found a huge runed translucent gate.
  8754 | D:6      | Reached * piety under Vehumet
  8754 | D:6      | Offered knowledge of Sting by Vehumet.
  9055 | D:6      | Learned a level 4 spell: Flame Wave
  9224 | D:7      | Noticed Duvessa
  9230 | D:7      | Noticed Dowan
  9525 | D:7      | Noticed a troll
  9528 | D:7      | Killed a troll
  9649 | D:7      | Killed Duvessa
  9657 | D:7      | Killed Dowan
  9946 | D:7      | Found a runed translucent door.
  9947 | D:7      | Noticed Crazy Yiuf
 10415 | D:7      | Identified the +5 ring mail of Privacy {rElec Int-3 Dex+3}
 10577 | D:7      | Killed Crazy Yiuf
 10654 | D:8      | Noticed Maurice
 10663 | D:8      | Killed Maurice
 10664 | D:8      | Reached XP level 10. HP: 35/50 MP: 11/25
 10759 | D:8      | Noticed a two-headed ogre
 10768 | D:8      | Killed a two-headed ogre
 10768 | D:8      | Offered knowledge of Mercury Vapours by Vehumet.
 10918 | D:8      | Reached ** piety under Vehumet
 11137 | D:8      | Noticed a two-headed ogre
 11145 | D:8      | Killed a two-headed ogre
 11639 | D:8      | Noticed a two-headed ogre
 12129 | D:8      | Noticed a two-headed ogre
 12174 | D:9      | Slain by a large slime creature

Illustrated notes

Levels and vault maps discovered:
D:1:      minmay_arrival_semitransparent, layout_basic, minmay_cut_off
D:2:      layout_basic, shapermc_ecumenical_altar_mp_vishouse,
          lightli_corner_chamber
D:3:      layout_basic, nicolae_kite_square_tiling_tiny, uniq_natasha,
          uniq_grinder
D:4:      layout_gridville, serial_shops, nicolae_shop_gibbet_a_chance,
          uniq_blork_the_orc
D:5:      layout_basic, temple_doors_ab, uniq_edmund, uniq_sigmund
D:6:      layout_cave_pools, gammafunk_temple_overflow_forgotten,
          mainiacjoe_ossuary_entry_dusty_tomb, chequers_serial_rivers_large_a,
          eino_small_chamber_without_monster, hangedman_decor_lopped
D:7:      layout_loops_ring, item_on_display_a, uniq_duvessa,
          uniq_crazy_yiuf_cottage
D:8:      hangedman_cross_veins, layout_gridville, uniq_maurice
D:9:      layout_basic
Temple:   hellmonk_temple_divided_pantheon

Skill      XL: |  1  2  3  4  5  6  7  8  9 10 |
---------------+-------------------------------+-----
Stealth        | 3 4 5 7 8 9 |  9.7
Dodging        | 3 4 5 6 8 |  8.9
Conjurations   | 2 3 4 5 7 |  7.9
Fire Magic     | 4 5 6 7 8 |  8.5
Spellcasting   | 4 5 6 7 9 |  9.8

Action                     |  1- 3 |  4- 6 |  7- 9 | 10-12 || total
---------------------------+-------+-------+-------+-------++-------
  Melee: Unarmed           |    57 |    41 |       |       ||    98
         Dagger            |       |       |    19 |     1 ||    20
   Cast: Foxfire           |   134 |   166 |   389 |    97 ||   786
         Scorch            |       |     1 |    42 |    15 ||    58
    Use: Potion            |       |     1 |     1 |       ||     2
         Scroll            |       |       |     6 |     4 ||    10
 Armour: Robe              |    41 |    64 |    71 |    21 ||   197
         Skin              |     1 |       |       |       ||     1
  Dodge: Dodged            |    65 |    59 |    84 |    27 ||   235
